 Dungeon Crawl Stone Soup version 0.27.1-3-gb3d3a73c9e (webtiles) character file.

Game seed: 6869208954657406052

22 Sirial the Sneak (level 2, 0/19 HPs)
             Began as a Vampire Venom Mage on Oct 19, 2021.
             Was a Follower of Ru.
             Slain by an adder (5 damage)
             ... on level 2 of the Dungeon.
             The game lasted 00:03:51 (1288 turns).

Sirial the Sneak (Vampire Venom Mage)               Turns: 1288, Time: 00:03:53

Health: 0/19       AC:  2    Str:  7    XL:     2   Next: 68%
Magic:  0/5        EV: 12    Int: 17    God:    Ru [*.....]
Gold:   73         SH:  0    Dex: 14    Spells: 4/5 levels left

rFire    . . .     SeeInvis +   (no weapon)
rCold    . . .     Faith    .   (no shield)
rNeg     . . .     Spirit   .   a - +0 robe
rPois    .         Reflect  .   (no helmet)
rElec    .         Harm     .   (no cloak)
rCorr    .         Rampage  .   (no gloves)
Will     .....                  (no boots)
Stlth    ++........             (no amulet)
HPRegen  0.26/turn              (no ring)
MPRegen  0.09/turn              (no ring)

@: healing quickly
A: alive, fangs 3, see invisible, cowardly, vampiric 1
a: Exsanguinate, Renounce Religion


You were on level 2 of the Dungeon.
You worshipped Ru.
Ru was aware of your devotion.
You visited 1 branch of the dungeon, and saw 2 of its levels.

You collected 73 gold pieces.

Inventory:

Armour
 a - a +0 robe (worn)
Potions
 c - 2 potions of haste


   Skills:
 + Level 2.4 Dodging
 + Level 3.6 Stealth
 + Level 0.1 Unarmed Combat
 + Level 2.2 Spellcasting
 + Level 1.2 Transmutations
 + Level 3.0 Poison Magic


You had 4 spell levels left.
You knew the following spells:

 Your Spells              Type           Power      Damage    Failure   Level
a - Sting                 Tmut/Pois      36%        1d4       8%          1

Your spell library contained the following spells:

 Spells                   Type           Power      Damage    Failure   Level
 Poisonous Vapours        Pois/Air       14%        N/A       16%         2
 Mephitic Cloud           Conj/Pois/Air  5%         N/A       36%         3
 Olgreb's Toxic Radiance  Pois           12%        N/A       47%         4


Dungeon Overview and Level Annotations

Branches:
Dungeon (2/15)

Altars:
Ru


Innate Abilities, Weirdness & Mutations

Your natural rate of healing is accelerated.
You have razor-sharp teeth.
You have supernaturally acute eyesight. (SInv)
Your cowardice makes you less effective in combat with threatening monsters.
You are afflicted with vampirism.


Message History

Done exploring.
There is an escape hatch in the floor here.
You slide downwards.
The hatch slams shut behind you.
The sting hits the bat but does no damage.
The bat is poisoned.
The bat closely misses you.
You kill the bat!
A frilled lizard comes into view.
An adder comes into view.
Found 26 arrows.
The adder hisses angrily.
The frilled lizard hisses angrily.
A dart slug comes into view.
The adder moves out of view.
The sting misses the frilled lizard.
The sting misses the frilled lizard.
A rat comes into view.
The frilled lizard barely misses you.
The sting misses the frilled lizard.
The frilled lizard barely misses you.
The sting misses the frilled lizard.
The frilled lizard closely misses you.
The sting misses the adder.
The adder bites you. The rat barely misses you.
The frilled lizard barely misses you.
You hit the adder but do no damage. Your bite misses the adder.
The adder bites you but does no damage. The rat bites you.
The adder barely misses you. The frilled lizard barely misses you.
The adder barely misses you. The adder bites you.
You are poisoned.
The adder poisons you! The rat bites you but does no damage.
You feel sick.
You feel sick. The adder bites you.
You feel sick.
You feel sick.
You are too injured to fight recklessly!
You hit the adder. You bite the adder.
The adder is moderately wounded.
You feel sick.
You are no longer poisoned.
The adder bites you.
* * * LOW HITPOINT WARNING * * *
The adder bites you.
You die...

# # #..#.######
..........#######
..........lrS@..#
##...###..#####......#
... ##.# ####..# .
#... . ..#.. #.#.##.
... .## ..# (#w


You could see an adder, a frilled lizard and a rat.

Vanquished Creatures
  A dart slug (D:1)
  5 ball pythons (D:1)
  An endoplasm (D:1)
  A goblin (D:1)
  3 jackals (D:1)
  4 bats
  2 frilled lizards (D:1)
  2 kobolds (D:1)
  2 rats (D:1)
21 creatures vanquished.

Notes
Turn   | Place    | Note
-------+----------+-------------------------------------------
     0 | D:1      | Sirial the Vampire Venom Mage began the quest for the Orb.
     0 | D:1      | Reached XP level 1. HP: 13/13 MP: 3/3
   224 | D:1      | Reached XP level 2. HP: 14/19 MP: 0/5
   370 | D:1      | Found a faded altar of an unknown god.
   377 | D:1      | Became a worshipper of Ru the Awakened
   387 | D:1      | Gained mutation: Your cowardice makes you less effective in
                  | combat with threatening monsters. [Ru sacrifice]
   387 | D:1      | Reached * piety under Ru
  1288 | D:2      | Slain by an adder

Illustrated notes

Levels and vault maps discovered:
D:1:      amcnicky_arrival_underground_garden, layout_basic,
          basic_ecumenical_altar
D:2:      layout_rooms, basic_altar, minmay_pentomino_r4

Skill      XL: |  1  2 |
---------------+-------+-----
Poison Magic   | 3 |  3.0
Dodging        | |  2.4
Stealth        | |  3.6
Unarmed Combat | |  0.1
Spellcasting   | |  2.2
Transmutations | |  1.2

Action                   || total
-------------------------++-------
Melee: Unarmed           ||    39
       Bite              ||     7
 Cast: Sting             ||    37
Invok: Sacrifice Courage ||     1
  Use: Scroll            ||     3
       Potion            ||     2
Armor: Robe              ||    11
Dodge: Dodged            ||    38
